 Dungeon Crawl Stone Soup version 0.24-a0-584-g9d6b971ae4 (webtiles) character file.

Game seed: 16041003829369726908, levelgen mode: deterministic

587 kiredor the Shield-Bearer (level 7, -3/44 HPs)
             Began as a Gargoyle Fighter on Sept 5, 2019.
             Slain by a water moccasin (4 damage)
             ... on level 5 of the Dungeon.
             The game lasted 00:11:12 (3797 turns).

kiredor the Shield-Bearer (Gargoyle Fighter)        Turns: 3797, Time: 00:11:13

Health: -3/44      AC: 14    Str: 21    XL:     7   Next: 38%
Magic:  7/7        EV:  6    Int:  9    God:
Gold:   324        SH: 10    Dex:  9    Spells: 6/6 levels left

rFire    . . .     SeeInvis .   b - +0 whip (freeze)
rCold    . . .     Gourm    .   c - +0 shield
rNeg     + . .     Faith    .   j - +0 chain mail
rPois    ∞         Spirit   .   (no helmet)
rElec    +         Reflect  .   (no cloak)
rCorr    .         Harm     .   (no gloves)
MR       .....                  (no boots)
Stlth    ..........             (no amulet)
HPRegen  0.14/turn              (no ring)
MPRegen  0.10/turn              (no ring)

@: no status effects
A: negative energy resistance 1, electricity resistance, unbreathing,
petrification resistance, rot immunity, AC +4
a: no special abilities


You were on level 5 of the Dungeon.
You were not hungry.

You visited 1 branch of the dungeon, and saw 5 of its levels.
You also visited: Sewer.

You collected 324 gold pieces.

Inventory:

Hand Weapons
 b - a +0 whip of freezing (weapon)
Armour
 c - a +0 shield (worn)
 j - a +0 chain mail (worn)
Wands
 D - a wand of digging (2)
Scrolls
 m - a scroll of fog {unknown}
 n - a scroll of magic mapping {unknown}
 T - 4 scrolls of teleportation
 W - 2 scrolls of remove curse
Potions
 a - a potion of mutation
 d - 2 potions of agility
 e - 2 potions of might
 f - a potion of magic
 g - a potion of invisibility {unknown}
 h - 5 potions of heal wounds {unknown}
 i - 3 potions of lignification {unknown}
 k - a potion of brilliance
 l - 4 potions of flight
 o - a potion of cancellation {unknown}
 H - a potion of haste
 Q - 2 potions of curing
Comestibles
 z - 6 rations


   Skills:
 + Level 5.3 Fighting
 + Level 4.3 Maces & Flails
 + Level 5.2 Armour
 + Level 5.3 Shields


You had 6 spell levels left.
You didn't know any spells.
Your spell library was empty.

Dungeon Overview and Level Annotations

Branches:
Dungeon (5/15)              Sewer (visited)
 Temple: D:4-7

Altars:
Ru
Uskayaw


Innate Abilities, Weirdness & Mutations

You are resistant to torment.
Your stone body is resilient. (AC +4)
You are immune to poison.
You resist negative energy. (rN+)
You are resistant to electric shocks. (rElec)
You can survive without breathing.
You are immune to petrification.
You are immune to rotting.


Message History

The killer bee barely misses you. You block the water moccasin's attack.
The leopard gecko barely misses you.
The killer bee stings you but does no damage.
The jackal barely misses you.
The killer bee stings you but does no damage.
The water moccasin bites you but does no damage.
The leopard gecko bites you but does no damage.
You closely miss the killer bee.
The killer bee is moderately wounded.
You block the killer bee's attack. The killer bee stings you.
* * * LOW HITPOINT WARNING * * *
The killer bee stings you but does no damage.
You block the jackal's attack. The water moccasin barely misses you.
The killer bee stings you but does no damage.
The leopard gecko bites you.
* * * LOW HITPOINT WARNING * * *
Your chain mail prevents you from hitting the killer bee.
The killer bee is moderately wounded.
You block the killer bee's attack. The killer bee barely misses you.
You block the jackal's attack.
The water moccasin bites you but does no damage.
The killer bee stings you but does no damage.
The leopard gecko bites you.
* * * LOW HITPOINT WARNING * * *
You block the killer bee's attack. The jackal completely misses you.
You barely miss the killer bee.
The killer bee is moderately wounded.
The killer bee closely misses you. The water moccasin barely misses you.
The killer bee stings you but does no damage. x2
The jackal bites you but does no damage.
The leopard gecko bites you but does no damage.
The water moccasin bites you but does no damage.
The killer bee stings you.
* * * LOW HITPOINT WARNING * * *
You miss the killer bee.
The killer bee is moderately wounded.
The killer bee stings you but does no damage. x2
The jackal bites you but does no damage.
The killer bee stings you but does no damage.
The leopard gecko barely misses you.
The water moccasin completely misses you.
The killer bee stings you.
* * * LOW HITPOINT WARNING * * *
You closely miss the killer bee.
The killer bee is moderately wounded.
The killer bee stings you.
* * * LOW HITPOINT WARNING * * *
The jackal bites you but does no damage.
The water moccasin bites you.
You die...

#..# #.##...................
#..# #......#.#.............
..# #...)..#...............
#..#########.###.####........
..................# #....s...
.....#######.###### #.........
.....+...........# #.........
.....###..##.###y####.........
####.###.......#@yyySw........
#............hhSlyls.........
##'#........†..oZSS##.........
.....###.#......l.............
.........#.#..................
......####.#..........##.#.###
...........#.#.#.#.#.....#+#
.......#.....#...............
##+#...#.###.#...#.##........


You could see a water moccasin, a worm, 5 killer bees, 2 adders, an orc, 3
leopard geckos, 2 jackals, a giant cockroach, a ball python and a hound
skeleton.

Vanquished Creatures
  An ogre (D:4)
  2 big kobolds (Sewer)
  A killer bee (D:5)
  An orc wizard (D:4)
  A bullfrog skeleton (D:5)
  2 worker ants
  5 adders
  6 river rats (Sewer)
  An ooze (D:1)
  An adder skeleton (D:4)
  2 worms
  3 dart slugs
  2 leopard geckos
  3 orcs
  8 ball pythons
  5 giant cockroaches
  5 goblins
  8 hobgoblins
  10 jackals
  8 bats
  6 frilled lizards
  15 kobolds
  22 rats
118 creatures vanquished.

Notes
Turn   | Place    | Note
-------+----------+-------------------------------------------
     0 | D:1      | kiredor the Gargoyle Fighter began the quest for the Orb.
     0 | D:1      | Reached XP level 1. HP: 14/14 MP: 1/1
   166 | D:1      | Reached XP level 2. HP: 19/19 MP: 2/2
   337 | D:1      | Reached XP level 3. HP: 19/23 MP: 3/3
   841 | D:2      | Reached XP level 4. HP: 28/29 MP: 4/4
   957 | D:2      | Found a hide-covered altar of Uskayaw.
  1324 | D:3      | Reached skill level 3 in Maces & Flails
  1447 | D:3      | Found a glowing drain.
  1459 | D:3      | Reached XP level 5. HP: 33/33 MP: 5/5
  1470 | Sewer    | Entered a sewer
  1602 | Sewer    | Noticed a big kobold
  1611 | Sewer    | Killed a big kobold
  1672 | Sewer    | Reached XP level 6. HP: 29/39 MP: 6/6
  2876 | D:4      | Found a sacrificial altar of Ru.
  3014 | D:4      | Reached XP level 7. HP: 19/44 MP: 7/7
  3665 | D:5      | Entered Level 5 of the Dungeon
  3797 | D:5      | HP: 1/44 [killer bee (5)]
  3797 | D:5      | Slain by a water moccasin

Levels and vault maps discovered:
D:1:      kilobyte_arrival_exit_the_forest, layout_basic
D:2:      layout_basic, old_standard_altar, corexii_leaking_fountain
D:3:      layout_basic, portal_sewer_entry_d
D:4:      layout_loops_ring, nicolae_ru_path_of_blood
D:5:      cheibrodos_quashed, layout_basic, first_ration

Skill      XL: |  1  2  3  4  5  6 |
---------------+-------------------+-----
Shields        | 4 5 |  5.3
Fighting       | 4 5 |  5.3
Armour         | 4 5 |  5.2
Maces & Flails | 3 4 |  4.3

Action                   |  1- 3 |  4- 6 |  7- 9 || total
-------------------------+-------+-------+-------++-------
Melee: Flail             |   116 |       |       ||   116
       Whip              |    17 |   372 |    70 ||   459
  Use: Scroll            |       |     9 |       ||     9
       Potion            |       |     5 |       ||     5
  Eat: Chunk             |       |     8 |     2 ||    10
Armor: Scale mail        |    62 |       |       ||    62
       Chain mail        |    39 |   367 |    86 ||   492
Dodge: Dodged            |    48 |   128 |    41 ||   217
Block: Shield            |    83 |   311 |    54 ||   448

Table legend:
 A = Non-vault XP
 B = Vault XP
 C = Vault XP percentage of total XP
 D = Non-vault monster count
 E = Vault monster count
 F = Vault count percentage of total count
                 A         B        C        D         E       F
            +---------+---------+-------+---------+---------+-------
      Total |     492 |     347 |  41.4 |      69 |      49 |  41.5
            +---------+---------+-------+---------+---------+-------
        D:1 |      55 |       0 |   0.0 |      28 |       0 |   0.0
        D:2 |      49 |       0 |   0.0 |      14 |       0 |   0.0
        D:3 |      66 |      13 |  16.5 |      10 |       1 |   9.1
        D:4 |     215 |       0 |   0.0 |      12 |       0 |   0.0
        D:5 |     107 |       0 |   0.0 |       5 |       0 |   0.0
      Sewer |       0 |     334 | 100.0 |       0 |      48 | 100.0
            +---------+---------+-------+---------+---------+-------
